 Dungeon Crawl Stone Soup version 0.30-a0-570-g486de37d69 (webtiles) character file.

Game seed: 3083767381975671533

79 MackTheKnife the Covert (level 4, 0/29 HPs)
             Began as an Octopode Brigand on Dec 29, 2022.
             Succumbed to an adder's poison
             ... on level 4 of the Dungeon.
             The game lasted 00:03:35 (1323 turns).

MackTheKnife the Covert (Octopode Brigand)          Turns: 1323, Time: 00:03:36

Health: 0/29       AC:  1    Str: 12    XL:     4   Next: 38%
Magic:  4/4        EV: 12    Int: 13    God:
Gold:   118        SH:  0    Dex: 13    Spells: 3/3 levels left

rFire   . . .      SeeInvis .    a - +2 dagger {short}
rCold   . . .      Faith    +    (no shield)
rNeg    . . .      Spirit   .    (helmet restricted)
rPois   .          Reflect  .    g - amulet of faith {!P}
rElec   .          Harm     .    (no ring)
rCorr   .          Rampage  .    (no ring)
Will    .....                    (no ring)
Stlth   +++++                    (no ring)
HPRegen 0.24/turn                (no ring)
MPRegen 0.09/turn                (no ring)
                                 (no ring)
                                 (no ring)

@: lethally poisoned (0 -> -2), attractive, hasted, very quick
A: almost no armour, amphibious, 8 rings, camouflage 1, gelatinous body 1,
(nimble swimmer 1), tentacles
a: no special abilities


You were on level 4 of the Dungeon.
You visited 1 branch of the dungeon, and saw 3 of its levels.

You collected 118 gold pieces.


Innate Abilities, Weirdness & Mutations

You cannot wear most types of armour.
You are amphibious.
You can wear up to eight rings at the same time.
Your skin changes colour to match your surroundings (Stealth+).
Your rubbery body absorbs attacks. (AC +1, EV +1)
((You are camouflaged when in or above water. (Stealth+)))
You have tentacles for arms and can constrict up to eight enemies at once.


   Skills:
 - Level 2.0 Fighting
 - Level 2.0 Short Blades
 - Level 2.0 Throwing
 - Level 1.0 Dodging
 + Level 8.0 Stealth


You had 3 spell levels left.
You didn't know any spells.
Your spell library was empty.

Inventory:

Hand Weapons
 a - a +2 dagger (weapon) {short}
Missiles
 b - 8 poisoned darts (quivered) {throwing}
 c - 3 curare-tipped darts {=fthrowing}
 k - 6 atropa-tipped darts {throwing}
Jewellery
 g - an amulet of faith (around mantle) {!P}
   (You found it on level 1 of the Dungeon)
Scrolls
 d - a scroll of teleportation {unknown}
 e - a scroll of noise {unknown}
 f - 2 scrolls of identify {unknown}
 h - a scroll of blinking {unknown}
 l - a scroll of enchant weapon {unknown}
Potions
 j - 2 potions of haste {@q3}

Dungeon Overview and Level Annotations

Branches:
Dungeon (2/15) Zot: 16686

Altars:
Ru

Shops:
D:1 (:[[( D:2

=: #.≈≈≈≈≈≈≈.≈
#.≈.......≈ ############
#.≈.###.#.≈ #..........#
#.≈.#...#.≈ #..........#
#.≈.#._^#.≈
#..........###.≈.#...#.≈
#..............≈.#.###.≈
#........>.##).≈.......≈
#......@...###.≈≈≈≈≈≈≈≈≈
#..........# #..........
#######.#.## #####......
##......## ##.....
##........## #.....
#..........# #.....
#..........# #.....
#..........# #.....
#..........# ##.###


There were no monsters in sight!


Message History

You enter the deep water.
Found 11 gold pieces.
Found a stone staircase leading down.
You now have 118 gold pieces (gained 11).
An iguana comes into view.
The iguana moves out of view.
You enter the deep water.
You enter the deep water.
You enter the deep water.
You enter the deep water.
An orc priest comes into view. It is wielding a +0 falchion.
An orc and an orc priest come into view.
The orc priest shouts!
You hear a shout! x3
The orc priest looks encouraged for a moment.
You hear a shout!
The adder attacks as you move away! The adder bites you but does no damage.
You enter the deep water.
The adder bites you. 😕 HP[-2]
You take 2 damage, and now have 27/29 hp.
The adder attacks as you move away! The adder closely misses you. x2
The orc priest begins to cast a cantrip, but forgets the words! 😕 HP[+1]
The adder completely misses you. The adder attacks as you move away!
The adder bites you.
You are poisoned.
The adder poisons you!
You enter the deep water.
You feel sick. 😕 HP[-5]
You take 5 damage, and now have 23/29 hp.
The adder attacks as you move away! The adder misses you.
You feel sick. The adder barely misses you. 😕 HP[-1]
You take 1 damage, and now have 22/29 hp.
The adder attacks as you move away! The adder bites you.
You feel sick. 😮 HP[-3]
You take 3 damage, and now have 19/29 hp.
The adder attacks as you move away! The adder barely misses you.
You feel sick. 😮 HP[-1]
You take 1 damage, and now have 18/29 hp.
The adder attacks as you move away! The adder bites you.
You feel sick. The adder bites you.
* * * LOW HITPOINT WARNING * * *
You are more poisoned.
The adder poisons you! 😨 HP[-4]
You take 4 damage, and now have 14/29 hp.
You hit the adder. Your grab misses the adder. You squeeze the adder.
You feel sick. The adder bites you.
* * * LOW HITPOINT WARNING * * *
You are lethally poisoned!
The adder poisons you! 😨 HP[-5]
You take 5 damage, and now have 9/29 hp.
You closely miss the adder. Your grab misses the adder.
* * * LOW HITPOINT WARNING * * *
You feel sick.
The adder bites you but does no damage. 😨 HP[-1]
You take 1 damage, and now have 8/29 hp.
Unknown command.
You hit the adder.
You kill the adder!
* * * LOW HITPOINT WARNING * * *
You feel sick.
Your Stealth skill increases to level 8! 😱 HP[-2]
You take 2 damage, and now have 6/29 hp.
Unknown command.
It was a potion of haste.
You feel yourself speed up.
* * * LOW HITPOINT WARNING * * *
You feel sick. 😱 HP[-2]
You take 2 damage, and now have 4/29 hp.
Unknown command.
It was a potion of attraction.
You feel attractive to monsters.
* * * LOW HITPOINT WARNING * * *
You feel sick. 😱 HP[-1]
You take 1 damage, and now have 3/29 hp.
Unknown command.
Unknown command.
* * * LOW HITPOINT WARNING * * *
You feel sick. 😱 HP[-1]
You take 1 damage, and now have 2/29 hp.
Unknown command.
* * * LOW HITPOINT WARNING * * *
You feel sick. 😱 HP[-1]
You take 1 damage, and now have 1/29 hp.
Unknown command. 😱 HP[+1] Unknown command.
Unknown command.
* * * LOW HITPOINT WARNING * * *
You feel sick. 😱 HP[-1]
You take 1 damage, and now have 1/29 hp.
Unknown command.
There is a lethal amount of poison in your body!
Unknown command.
You die...

Skill      XL: |  1  2  3  4 |
---------------+-------------+-----
Stealth        | 6 7 8 |  8.0
Fighting       | |  2.0
Short Blades   | |  2.0
Throwing       | |  2.0
Dodging        | |  1.0

Action                   |  1- 3 |  4- 6 || total
-------------------------+-------+-------++-------
Melee: Dagger            |    56 |    15 ||    71
       Constrict         |     9 |       ||     9
       Tentacles         |     7 |     1 ||     8
Throw: Dart              |     2 |       ||     2
  Use: Potion            |       |     2 ||     2
 Stab: Sleeping          |    13 |     6 ||    19
Armor: Skin              |     5 |     3 ||     8
Dodge: Dodged            |    40 |     7 ||    47

Levels and vault maps discovered:
D:1:      dpeg_arrival_pond, layout_loops_ring, serial_shops,
          nicolae_shop_waterfront, shop, nicolae_square_shop, shop, shop
D:2:      minmay_alternating_diamond, layout_loops_ring,
          nicolae_ecumenical_snake_handling, serial_shops, shop,
          nicolae_shop_hallway_stairs, shop_coins
D:4:      layout_rooms, mainiacjoe_overflow_brackets,
          minmay_temple_entry_steel_oval

Notes
Turn   | Place    | Note
-------+----------+-------------------------------------------
     0 | D:1      | MackTheKnife the Octopode Brigand began the quest for the
                  | Orb.
     0 | D:1      | Reached XP level 1. HP: 14/14 MP: 1/1
     0 | D:1      | magus.rc [v1.9.6]
   178 | D:1      | Found Othrente's Weapon Shop.
   198 | D:1      | Reached XP level 2. HP: 19/19 MP: 2/2
   243 | D:1      | Found Meushrap's Armour Shop.
   246 | D:1      | Reached skill level 6 in Stealth
   281 | D:1      | Found Wawokk's Book Emporium.
   446 | D:1      | Found Neoxel's Armour Boutique.
   537 | D:1      | Reached XP level 3. HP: 24/24 MP: 3/3
   544 | D:1      | Found Omein's Weapon Boutique.
   769 | D:2      | Reached skill level 7 in Stealth
   784 | D:2      | Found Hurghiz's Jewellery Shoppe.
   800 | D:2      | Found Iluavit's Book Boutique.
   846 | D:2      | Found a faded altar of an unknown god.
   962 | D:2      | Identified the +3 plate armour "Vouvaos" {rPois rN+++ Str-2
                  | Int-3}
  1002 | D:2      | Reached XP level 4. HP: 29/29 MP: 4/4
  1193 | D:2      | You fall into a shaft and drop 2 floors!
  1222 | D:4      | Found a sacrificial altar of Ru.
  1316 | D:4      | HP: 6/29 [poisoned by an adder]
  1317 | D:4      | Reached skill level 8 in Stealth
  1319 | D:4      | HP: 2/29 [poisoned by an adder]
  1323 | D:4      | Succumbed to an adder's poison

Vanquished Creatures
  4 adders
  7 bats
  2 endoplasms
  2 giant cockroaches
  2 goblins (D:2)
  4 hobgoblins
  4 jackals (D:1)
  2 kobolds
  2 quokkas
  5 ball pythons
  5 frilled lizards
  5 rats
44 creatures vanquished.

Table legend:
 A = Non-vault XP
 B = Vault XP
 C = Vault XP percentage of total XP
 D = Non-vault monster count
 E = Vault monster count
 F = Vault count percentage of total count
                 A         B        C        D         E       F
            +---------+---------+-------+---------+---------+-------
      Total |      88 |      26 |  22.8 |      36 |       8 |  18.2
            +---------+---------+-------+---------+---------+-------
        D:1 |      34 |       0 |   0.0 |      23 |       0 |   0.0
        D:2 |      41 |      26 |  38.8 |      12 |       8 |  40.0
        D:4 |      13 |       0 |   0.0 |       1 |       0 |   0.0
            +---------+---------+-------+---------+---------+-------

Illustrated notes

Table legend:
 A = Kills in this place as a percentage of kills in entire the game.
 B = Kills by you in this place as a percentage of kills by you in the entire game.
 C = Kills by friends in this place as a percentage of kills by friends in the entire game.
 D = Other kills in this place as a percentage of other kills in the entire game.
 E = Experience gained in this place as a percentage of experience gained in the entire game.
 F = Experience gained in this place divided by the number of levels of this place that you have seen.
                   A       B       C       D       E      F
               +-------+-------+-------+-------+-------+----------------------
         Total | 100.0 | 100.0 |   N/A |   N/A | 100.0 |  38.0
       Dungeon | 100.0 | 100.0 |   N/A |   N/A | 100.0 |  38.0
               +-------+-------+-------+-------+-------+----------------------

Table legend: (Time is in decaauts)
 A = Elapsed time spent in this place.
 B = Non-inter-level travel time spent in this place.
 C = Inter-level travel time spent in this place.
 D = Time resting spent in this place.
 E = Time spent auto-exploring this place.
 F = Levels seen in this place.
 G = Mean time per level.
                   A        B        C        D        E       F      G
               +--------+--------+--------+--------+--------+-----+--------+
         Total |   1313 |   1290 |     23 |     85 |    810 |   3 |  437.7 |
       Dungeon |   1313 |   1290 |     23 |     85 |    810 |   3 |  437.7 |
               +--------+--------+--------+--------+--------+-----+--------+

Top non-repeatable levels by time:
     D:1: 731 daAuts
     D:2: 454 daAuts
     D:4: 127 daAuts
